AoeStats
← THEMADBANANAMAN

Arabia

510639518Analyzed
1v1 RM · 2d ago on Oct 1, 2026· 26m 9s· 2 players
Game mode
Random Map
Map size
Tiny (2 player)
Population
200
Speed
Normal
Resources
Standard
Victory
Conquest
Starting age
Dark Age
Ending age
Imperial Age
RankedLock teamsTeams togetherTeam positionsShared explorationLock speedFull tech treeHidden civsTurbo modeCheats
Victory
Defeat
🇹🇼 Varangians · Taiwan
1435
+15
🇬🇧 Varangians · United Kingdom
1416
-15
THEMADBANANAMAN
8:29 Loom
10:37 Feudal Age
11:00 Man-at-Arms
13:40 Arson
19:50 Forging
19:53 Scale Mail Armor
24:59 Double-Bit Axe
礦石頭人
7:14 Loom
9:28 Feudal Age
13:31 Castle Age
Connection lost

Rejoining the realm…

Still unreachable

The connection could not be restored.

Session expired

The server has moved on; the page needs a fresh start.